 Dungeon Crawl Stone Soup version 0.31-a0-986-g5e6e4ef867 (webtiles) character file.

Game seed: 15969319981454909481

5488 lessens the Nimble (level 10, -3/79 HPs)
             Began as a Gnoll Gladiator on Nov 7, 2023.
             Was a Priest of Makhleb.
             Killed from afar by an efreet (8 damage)
             ... with a fireball
             ... while petrified by a basilisk
             ... on level 8 of the Dungeon.
             The game lasted 00:13:01 (7937 turns).

lessens the Nimble (Gnoll Gladiator)                Turns: 7937, Time: 00:13:02

Health: -3/79      AC: 14    Str: 17    XL:     10   Next: 69%
Magic:  18/18      EV:  2    Int:  9    God:    Makhleb [***...]
Gold:   386        SH:  0    Dex: 13    Spells: 20/20 levels left

rFire   . . .        a - +4 trident (drain)
rCold   . . .        (no shield)
rNeg    + + +        u - +3 leather armour
rPois   ∞            c - +0 helmet
rElec   .            (no cloak)
rCorr   .            k - +0 pair of gloves
SInv    .            r - +0 pair of boots
Will    .....        (no amulet)
Stlth   +++          e - +4 ring of protection
HPRegen 0.33/turn    (no ring)
MPRegen 0.16/turn

%: no passive effects
@: petrified
A: fangs 1, strong nose, distributed training
a: Renounce Religion, Minor Destruction, Lesser Servant of Makhleb


You were on level 8 of the Dungeon.
You worshipped Makhleb.
Makhleb was most pleased with you.
You visited 2 branches of the dungeon, and saw 9 of its levels.

You collected 386 gold pieces.

Inventory:

Hand Weapons
 a - a +4 trident of draining (weapon)
 b - the +4 dagger of Victory {venom, Dex+2}
   (You found it on level 7 of the Dungeon)

   Dex+2:     It affects your dexterity (+2).
 C - a +1 whip of venom
 J - a +0 war axe
 N - a +2 dagger of venom
Missiles
 d - 5 throwing nets
 l - 48 stones
 q - 6 boomerangs (quivered)
 B - a javelin
 F - 3 atropa-tipped darts
Armour
 c - a +0 helmet (worn)
 k - a +0 pair of gloves (worn)
 r - a +0 pair of boots (worn)
 u - a +3 leather armour (worn)
 A - a +0 leather armour
 G - a scarf of harm
 I - a +0 cloak
Jewellery
 e - a +4 ring of protection (left hand)
Wands
 D - a wand of charming (19)
 P - a wand of polymorph (2)
Scrolls
 m - 3 scrolls of vulnerability
 o - a scroll of fear {unknown}
 p - a scroll of enchant weapon {unknown}
 s - 2 scrolls of revelation {unknown}
 t - a scroll of blinking {unknown}
 v - a scroll of butterflies {unknown}
 y - 2 scrolls of fog {unknown}
 z - 2 scrolls of silence
 E - a scroll of enchant armour {unknown}
 H - 2 scrolls of teleportation
 L - a scroll of immolation {unknown}
 O - a scroll of poison {unknown}
 Q - a scroll of identify
Potions
 f - a potion of resistance
 g - 2 potions of lignification {unknown}
 h - a potion of magic {unknown}
 i - 5 potions of curing
 j - a potion of might {unknown}
 n - 2 potions of heal wounds
 w - 2 potions of ambrosia
 x - 2 potions of berserk rage {unknown}
 K - a potion of brilliance {unknown}
 M - a potion of invisibility {unknown}


   Skills:
 + Level 7.3 Fighting
 + Level 5.6 Short Blades
 + Level 5.6 Long Blades
 + Level 8.7 Axes
 + Level 5.6 Maces & Flails
 + Level 5.6 Polearms
 + Level 5.6 Staves
 + Level 5.6 Ranged Weapons
 + Level 7.3 Throwing
 + Level 5.6 Armour
 + Level 8.7 Dodging
 + Level 5.6 Stealth
 + Level 5.6 Shields
 + Level 5.6 Unarmed Combat
 + Level 5.6 Spellcasting
 + Level 4.6 Conjurations
 + Level 4.6 Hexes
 + Level 4.6 Summonings
 + Level 4.6 Necromancy
 + Level 4.6 Translocations
 + Level 4.6 Transmutations
 + Level 4.6 Fire Magic
 + Level 4.6 Ice Magic
 + Level 4.6 Air Magic
 + Level 4.6 Earth Magic
 + Level 4.6 Poison Magic
 + Level 6.2 Invocations
 + Level 5.6 Evocations
 + Level 5.1 Shapeshifting


You had 20 spell levels left.
You didn't know any spells.
Your spell library contained the following spells:

 Spells                   Type           Power      Damage    Failure   Level
 Gell's Gravitas          Tloc           10%        N/A       12%         3
 Teleport Other           Tloc           10%        N/A       12%         3
 Dispersal                Tloc           5%         N/A       99%         6


Dungeon Overview and Level Annotations

Branches:
Dungeon (8/15) Zot: 25571  Temple (1/1) D:5 Zot: 5903    Lair (0/5) D:8

Altars:
Ashenzari
Cheibriados
Dithmenos
Elyvilon
Fedhas
Gozag
Hepliaklqana
Kikubaaqudgha
Makhleb
Nemelex Xobeh
Okawaru
Qazlal
Ru
Sif Muna
Trog
Uskayaw
Vehumet
Wu Jian
Xom
Yredelemnul
Zin
The Shining One


Innate Abilities, Weirdness & Mutations

You have very sharp teeth.
Your uncanny sense of smell can sniff out nearby items.
Your experience applies equally to all skills.


Message History

You hit the basilisk. You drain the basilisk.
The basilisk is moderately wounded.
The basilisk gazes at you. You resist with some effort.
You puncture the basilisk!
The basilisk is heavily wounded.
The basilisk gazes at you.
You are slowing down.
Unknown command.
Unknown command.
You puncture the basilisk! Your bite misses the basilisk.
The basilisk is severely wounded.
The basilisk closely misses you.
Your limbs are stiffening.
Unknown command.
Unknown command.
You puncture the basilisk! You drain the basilisk.
You kill the basilisk!
Makhleb accepts your kill. The efreet closely misses you.
You have turned to stone.
The efreet gestures at you.
The fireball explodes!
The fireball engulfs you!!
The fireball engulfs the efreet.
The efreet completely resists.
You hear a shout!
The efreet hits you with a +0 scimitar of flaming!
* * * LOW HITPOINT WARNING * * *
The efreet burns you.
* * * LOW HITPOINT WARNING * * *
The efreet hits you with a +0 scimitar of flaming.
* * * LOW HITPOINT WARNING * * *
The efreet burns you.
The efreet hits you with a +0 scimitar of flaming.
* * * LOW HITPOINT WARNING * * *
The efreet burns you.
* * * LOW HITPOINT WARNING * * *
The efreet gestures at you. The bolt of fire hits you!
* * * LOW HITPOINT WARNING * * *
The efreet gestures at you.
The fireball explodes!
The fireball engulfs you!
You die...

##### # #.# .....# .## #.#
∆......##..## #.#
###......##..# #.#
..####....#..# #.#
..z.####..#..# #.#
....#....o...# #.#
$..o)###.☼#[.# #.#
..####....#..###@#
###......##.°.##R#####
#......o##...○○ozo...#######
##.....##..#.#...###.......#
#######..............###.##
.........#.#.######.#
..#.....##.#.######.#
..>....###.#........#
##.###. #.##########


You could see an efreet, a wight, an orc wizard and an orc.

Vanquished Creatures
  Pikel (D:7)
  An ugly thing (D:8)
  Jeremiah (D:6)
  A komodo dragon (D:8)
  A troll (D:8)
  A hornet (D:7)
  Grum (D:8)
  A steam dragon (D:7)
  A basilisk (D:8)
  3 water moccasins
  An ice beast (D:4)
  A black bear (D:6)
  An orc warrior (D:6)
  6 ogres
  4 wolves (D:8)
  3 centaurs
  A phantom (D:6)
  Blork the orc (D:5)
  3 scorpions
  6 wights
  A killer bee (D:8)
  2 howler monkeys
  Crazy Yiuf (D:5)
  A jelly (D:5)
  4 orc priests (D:4)
  A gnoll bouda (D:6)
  6 hounds
  A sleepcap (D:5)
  Jessica (D:2)
  4 iguanas
  4 orc wizards
  8 gnolls
  5 adders
  A shadow imp (D:7)
  A worm (D:4)
  4 dart slugs
  26 orcs
  5 endoplasms
  4 giant cockroaches
  7 goblins
  7 hobgoblins
  3 jackals (D:1)
  4 quokkas
  7 ball pythons
  6 bats
  5 frilled lizards
  9 kobolds
  4 rats
171 creatures vanquished.

Vanquished Creatures (collateral kills)
  A killer bee (D:8)
1 creature vanquished.

Vanquished Creatures (others)
  A cyclops (D:8)
  A shadow (D:8)
  2 killer bees (D:8)
4 creatures vanquished.

Grand Total: 176 creatures vanquished

Notes
Turn   | Place    | Note
-------+----------+-------------------------------------------
     0 | D:1      | lessens the Gnoll Gladiator began the quest for the Orb.
     0 | D:1      | Reached XP level 1. HP: 20/20 MP: 1/1
   121 | D:1      | Reached XP level 2. HP: 23/26 MP: 2/2
   457 | D:1      | Reached XP level 3. HP: 31/31 MP: 3/3
  1173 | D:2      | Reached skill level 1 in Invocations
  1319 | D:2      | Noticed Jessica
  1329 | D:2      | Killed Jessica
  1330 | D:2      | Reached skill level 1 in Short Blades
  1330 | D:2      | Reached skill level 1 in Long Blades
  1330 | D:2      | Reached skill level 1 in Maces & Flails
  1330 | D:2      | Reached skill level 1 in Polearms
  1330 | D:2      | Reached skill level 1 in Staves
  1330 | D:2      | Reached skill level 1 in Ranged Weapons
  1330 | D:2      | Reached skill level 1 in Armour
  1330 | D:2      | Reached skill level 1 in Stealth
  1330 | D:2      | Reached skill level 1 in Shields
  1330 | D:2      | Reached skill level 1 in Unarmed Combat
  1330 | D:2      | Reached skill level 1 in Spellcasting
  1330 | D:2      | Reached skill level 1 in Evocations
  1330 | D:2      | Reached skill level 1 in Shapeshifting
  1330 | D:2      | Reached XP level 4. HP: 32/38 MP: 5/5
  1755 | D:3      | Reached skill level 1 in Conjurations
  1755 | D:3      | Reached skill level 1 in Hexes
  1755 | D:3      | Reached skill level 1 in Summonings
  1755 | D:3      | Reached skill level 1 in Necromancy
  1755 | D:3      | Reached skill level 1 in Translocations
  1755 | D:3      | Reached skill level 1 in Transmutations
  1755 | D:3      | Reached skill level 1 in Fire Magic
  1755 | D:3      | Reached skill level 1 in Ice Magic
  1755 | D:3      | Reached skill level 1 in Air Magic
  1755 | D:3      | Reached skill level 1 in Earth Magic
  1755 | D:3      | Reached skill level 1 in Poison Magic
  2043 | D:3      | Found a burning altar of Makhleb.
  2053 | D:3      | Became a worshipper of Makhleb the Destroyer
  2583 | D:4      | Reached XP level 5. HP: 40/43 MP: 5/7
  2715 | D:4      | Noticed an ogre
  2779 | D:4      | Reached * piety under Makhleb
  2780 | D:4      | Reached XP level 6. HP: 29/50 MP: 8/8
  2884 | D:4      | Reached skill level 5 in Fighting
  2884 | D:4      | Reached skill level 5 in Throwing
  3179 | D:4      | Reached XP level 7. HP: 51/56 MP: 10/10
  3366 | D:4      | Found a glowing golden altar of the Shining One.
  3528 | D:5      | Entered Level 5 of the Dungeon
  3528 | D:5      | Found a staircase to the Ecumenical Temple.
  3531 | D:5      | Noticed Blork the orc
  3676 | Temple   | Entered the Ecumenical Temple
  3774 | Temple   | Reached XP level 8. HP: 63/63 MP: 12/12
  3790 | D:5      | Killed Blork the orc
  4184 | D:5      | Reached ** piety under Makhleb
  4366 | D:5      | Found an opulent altar of Gozag.
  4371 | D:5      | Found a hazy altar of Hepliaklqana.
  4449 | D:5      | Found a runed translucent door.
  4450 | D:5      | Noticed Crazy Yiuf
  4457 | D:5      | Killed Crazy Yiuf
  4588 | D:6      | Noticed Jeremiah
  4773 | D:6      | Found a blossoming altar of Fedhas.
  4853 | D:6      | Your ally Jeremiah died
  4854 | D:6      | Reached XP level 9. HP: 25/69 MP: 13/15
  5469 | D:6      | Reached skill level 5 in Invocations
  5862 | D:7      | Noticed a hornet
  5875 | D:7      | Killed a hornet
  6198 | D:7      | Noticed Pikel
  6204 | D:7      | Killed Pikel
  6204 | D:7      | Reached *** piety under Makhleb
  6205 | D:7      | Reached skill level 5 in Short Blades
  6205 | D:7      | Reached skill level 5 in Long Blades
  6205 | D:7      | Reached skill level 5 in Maces & Flails
  6205 | D:7      | Reached skill level 5 in Polearms
  6205 | D:7      | Reached skill level 5 in Staves
  6205 | D:7      | Reached skill level 5 in Ranged Weapons
  6205 | D:7      | Reached skill level 5 in Armour
  6205 | D:7      | Reached skill level 5 in Stealth
  6205 | D:7      | Reached skill level 5 in Shields
  6205 | D:7      | Reached skill level 5 in Unarmed Combat
  6205 | D:7      | Reached skill level 5 in Spellcasting
  6205 | D:7      | Reached skill level 5 in Evocations
  6205 | D:7      | Reached XP level 10. HP: 77/77 MP: 17/17
  6225 | D:7      | Identified the +4 dagger of Victory {venom, Dex+2}
  6485 | D:8      | Identified the "Awuekhot"
  6485 | D:8      | Found a staircase to the Lair.
  6750 | D:8      | Noticed a two-headed ogre
  6751 | D:8      | Noticed a purple ugly thing
  6773 | D:8      | Noticed a gargoyle
  6785 | D:8      | Found a sacrificial altar of Ru.
  6872 | D:8      | HP: 3/79 [kobold/+0 dagger (4)]
  7216 | D:8      | Noticed Grum
  7374 | D:8      | Killed Grum
  7645 | D:8      | Found a glowing silver altar of Zin.
  7659 | D:8      | Killed a cyclops
  7748 | D:8      | Reached skill level 5 in Shapeshifting
  7835 | D:8      | Killed a purple ugly thing
  7912 | D:8      | Identified the +4 long sword of Mycvouk {flame, rN++}
  7913 | D:8      | Identified the staff "Amaom" {rElec rC- Will+++ Dex+3 Air}
  7937 | D:8      | Killed from afar by an efreet

Illustrated notes

Levels and vault maps discovered:
D:1:      mrwooster_arrival_arrow, layout_basic, dreamdust_princess_bridge
D:2:      layout_basic, uniq_jessica
D:3:      layout_basic, lightli_temple_of_fire
D:4:      layout_cave_pools, mainiacjoe_overflow_alcove_2
D:5:      layout_rooms, mainiacjoe_overflow_big_doors,
          minmay_temple_entry_wispy, uniq_blork_the_orc, uniq_crazy_yiuf_cottage
D:6:      layout_basic, fedhas_bush_and_centaur_altar, uniq_jeremiah
D:7:      layout_cave_pools, uniq_pikel
D:8:      minmay_the_grid_octo_2x2 [minmay_the_grid_octo_vomiting_pacman,
          minmay_the_grid_octo_clover_2, minmay_the_grid_octo_teeth,
          minmay_the_grid_octo_prize_ultimate_mussel_roller], layout_basic,
          kennysheep_mini, nicolae_ru_sacrificial_ziggurat, david_lair_shrubbed,
          serial_shops, shop, nicolae_shop_waterfront, nicolae_shop_waterfront,
          uniq_grum
Temple:   hellmonk_temple_of_storms

Skill      XL: |  1  2  3  4  5  6  7  8  9 10 |
---------------+-------------------------------+-----
Invocations    | 1 2 3 4 5 6 |  6.2
Short Blades   | 1 2 3 4 5 |  5.6
Long Blades    | 1 2 3 4 5 |  5.6
Maces & Flails | 1 2 3 4 5 |  5.6
Polearms       | 1 2 3 4 5 |  5.6
Staves         | 1 2 3 4 5 |  5.6
Ranged Weapons | 1 2 3 4 5 |  5.6
Armour         | 1 2 3 4 5 |  5.6
Stealth        | 1 2 3 4 5 |  5.6
Shields        | 1 2 3 4 5 |  5.6
Unarmed Combat | 1 2 3 4 5 |  5.6
Spellcasting   | 1 2 3 4 5 |  5.6
Evocations     | 1 2 3 4 5 |  5.6
Shapeshifting  | 1 2 3 4 5 |  5.1
Conjurations   | 1 2 3 4 |  4.6
Hexes          | 1 2 3 4 |  4.6
Summonings     | 1 2 3 4 |  4.6
Necromancy     | 1 2 3 4 |  4.6
Translocations | 1 2 3 4 |  4.6
Transmutations | 1 2 3 4 |  4.6
Fire Magic     | 1 2 3 4 |  4.6
Ice Magic      | 1 2 3 4 |  4.6
Air Magic      | 1 2 3 4 |  4.6
Earth Magic    | 1 2 3 4 |  4.6
Poison Magic   | 1 2 3 4 |  4.6
Fighting       | 5 6 7 |  7.3
Throwing       | 5 6 7 |  7.3
Axes           | 7 8 |  8.7
Dodging        | 7 8 |  8.7

Action                     |  1- 3 |  4- 6 |  7- 9 | 10-12 || total
---------------------------+-------+-------+-------+-------++-------
  Melee: War axe           |    65 |    81 |     9 |       ||   155
         Bite              |     4 |    14 |    37 |    18 ||    73
         Punch             |       |     3 |    12 |     1 ||    16
         Whip              |       |    34 |       |       ||    34
         Dagger            |       |    24 |   267 |    75 ||   366
         Trident           |       |       |    63 |    45 ||   108
         Unarmed           |       |       |       |    18 ||    18
  Throw: Boomerang         |       |    22 |    45 |     7 ||    74
         Javelin           |       |     2 |       |       ||     2
         Dart              |       |       |     2 |     1 ||     3
  Evoke: Wand              |       |       |     1 |     4 ||     5
    Use: Scroll            |       |     1 |     6 |     1 ||     8
         Potion            |       |       |       |     1 ||     1
   Stab: Sleeping          |       |     3 |     2 |     1 ||     6
         Invisible         |       |       |     1 |       ||     1
 Armour: Leather armour    |    21 |    70 |   171 |   108 ||   370
         Skin              |       |       |       |    15 ||    15
  Dodge: Dodged            |    54 |   113 |   213 |   115 ||   495

Table legend: (Time is in decaauts)
 A = Elapsed time spent in this place.
 B = Non-inter-level travel time spent in this place.
 C = Inter-level travel time spent in this place.
 D = Time resting spent in this place.
 E = Time spent auto-exploring this place.
 F = Levels seen in this place.
 G = Mean time per level.
                   A        B        C        D        E       F      G
               +--------+--------+--------+--------+--------+-----+--------+
         Total |   7900 |   7462 |    438 |    320 |   5435 |   9 |  877.8 |
       Dungeon |   7803 |   7365 |    438 |    248 |   5435 |   8 |  975.4 |
        Temple |     96 |     96 |      0 |     72 |      0 |   1 |   96.0 |
               +--------+--------+--------+--------+--------+-----+--------+

Top non-repeatable levels by time:
     D:6: 1398 daAuts
     D:7: 1139 daAuts
     D:3: 963 daAuts
     D:4: 944 daAuts
     D:2: 903 daAuts
     D:8: 852 daAuts
     D:1: 814 daAuts
     D:5: 787 daAuts
  Temple: 96 daAuts

Levels and vault maps discovered:
D:1:      mrwooster_arrival_arrow, layout_basic, dreamdust_princess_bridge
D:2:      layout_basic, uniq_jessica
D:3:      layout_basic, lightli_temple_of_fire
D:4:      layout_cave_pools, mainiacjoe_overflow_alcove_2
D:5:      layout_rooms, mainiacjoe_overflow_big_doors,
          minmay_temple_entry_wispy, uniq_blork_the_orc, uniq_crazy_yiuf_cottage
D:6:      layout_basic, fedhas_bush_and_centaur_altar, uniq_jeremiah
D:7:      layout_cave_pools, uniq_pikel
D:8:      minmay_the_grid_octo_2x2 [minmay_the_grid_octo_vomiting_pacman,
          minmay_the_grid_octo_clover_2, minmay_the_grid_octo_teeth,
          minmay_the_grid_octo_prize_ultimate_mussel_roller], layout_basic,
          kennysheep_mini, nicolae_ru_sacrificial_ziggurat, david_lair_shrubbed,
          serial_shops, shop, nicolae_shop_waterfront, nicolae_shop_waterfront,
          uniq_grum
Temple:   hellmonk_temple_of_storms
